 Dungeon Crawl Stone Soup version 0.19-a0-376-gf780d9b (webtiles) character file.

651 dracos369 the Vandal (level 7, -7/45 HPs)
             Began as a Halfling Fighter on May 30, 2016.
             Mangled by a reaper
             ... wielding a +5 scythe of slicing
             ... summoned by the anger of Yredelemnul
              (24 damage)
             ... on level 4 of the Dungeon.
             The game lasted 00:18:31 (3951 turns).

dracos369 the Vandal (Halfling Fighter)             Turns: 3951, Time: 00:18:32

Health: -7/45      AC: 10    Str: 14 (16) XL:     7   Next: 84%
Magic:  7/7        EV:  8    Int:  7      God:
Gold:   300        SH: 13    Dex: 17 (19) Spells: 0 memorised, 6 levels left

rFire  . . .     SeeInvis .     w - +1 dagger (drain)
rCold  . . .     Gourm    .     b - +0 scale mail
rNeg   . . .     Faith    .     c - +0 shield
rPois  .         Spirit   .     q - +2 helmet
rElec  .         Dismiss  .     (no cloak)
rCorr  .         Reflect  +     (no gloves)
SustAt .         Harm     .     (no boots)
MR     .....                    i - +4 amulet of reflection
Stlth  ..........               t - +3 ring of dexterity
                                g - ring of wizardry

@: very slightly contaminated, slowed, very slow, not resistant to hostile
enchantments, extremely unstealthy
A: mutation resistance 1
a: no special abilities


You were on level 4 of the Dungeon.
You were not hungry.

You visited 1 branch of the dungeon, and saw 6 of its levels.
You also visited: Sewer.

You collected 300 gold pieces.

Inventory:

Hand Weapons
 a - a +0 long sword
 m - a +1 hunting sling
 w - a +1 dagger of draining (weapon)
Missiles
 n - 37 stones (quivered)
Armour
 b - a +0 scale mail (worn)
 c - a +0 shield (worn)
 q - a +2 helmet (worn)
Jewellery
 g - a ring of wizardry (left hand)
 i - a +4 amulet of reflection (around neck)
 t - a +3 ring of dexterity (right hand)
Wands
 r - a wand of flame (9/48)
Scrolls
 k - 4 scrolls of blinking
 s - 2 scrolls of fog
 y - a scroll of fear
 A - 2 scrolls of remove curse
 B - a scroll of magic mapping {unknown}
Potions
 e - 2 potions of curing
 h - 2 potions of heal wounds
 j - a potion of berserk rage
 p - a potion of haste {unknown}
 u - a potion of degeneration
 x - 6 potions of flight
 z - a potion of magic {unknown}
Books
 v - a book of the Tempests

   Spells                             Type                      Level
   a - Static Discharge               Conjuration/Air              3
   b - Lightning Bolt                 Conjuration/Air              5
   c - Fireball                       Conjuration/Fire             5
   d - Tornado                        Air                          9
   e - Shatter                        Earth                        9
Comestibles
 d - a chunk of flesh
 f - 8 bread rations
 l - 2 meat rations
 o - a slice of pizza


   Skills:
 - Level 2.6 Fighting
 + Level 6.3 Long Blades
 + Level 7.3 Slings
 - Level 3.2 Armour
 - Level 3.2 Shields


You had 6 spell levels left.
You didn't know any spells.

Dungeon Overview and Level Annotations

Branches:
Dungeon (6/15)
 Temple: D:4-7

Altars:
Ashenzari
Makhleb
Qazlal
Yredelemnul


Innate Abilities, Weirdness & Mutations

You are small and have problems with some larger weapons.
You are somewhat resistant to further mutation.


Message History

The flying skull hits you! You block the flying skull's attack.
The flying skull hits you. You block the flying skull's attack.
You block the flying skull's attack.
The flying skull hits you but does no damage.
You block the flying skull's attack.
The flying skull hits you but does no damage.
Yredelemnul's anger turns toward you for a moment.
Death has come for you...
The divine experience drains your vigour!
You feel yourself slow down. The flying skull barely misses you.
The flying skull hits you but does no damage.
The flying skull barely misses you. You block the flying skull's attack.
The flying skull hits you! The reaper closely misses you.
There is a stone staircase leading down, spattered with blood here.
The flying skull hits you.
The reaper hits you with a scythe of slicing!!
Ouch! That really hurt!
You die...

#......# #. ..
#......# #. ...
###.....# ###. ...####
.....%..####...
#.......
.............[
#....... #.......####
.##.......##
##.....### # .....
#..><####......# .....
##..@2##.......#
.....##...zzz........#
..........zz........#
# #.......###.......#
## ##......##
##......## ##.
##......##
##......###..
#.......#
#........#...
......##..##
##.).......... .....#
##..####.............


You could see a reaper and 5 flying skulls.

Vanquished Creatures
  Purgy (Sewer)
  An orc warrior (D:6)
  An ice beast (D:6)
  A crimson imp (D:2)
  A hound (D:5)
  Jessica (D:2)
  An iguana (D:4)
  Ijyb (D:2)
  Natasha (thrice) (D:2)
  A worker ant (D:6)
  7 adders
  2 worms
  2 dart slugs (D:1)
  A giant gecko (D:2)
  2 orcs (D:6)
  11 bats
  2 giant cockroaches
  6 goblins
  6 hobgoblins
  2 jackals (D:4)
  A quokka (D:6)
  6 ball pythons
  5 giant newts
  9 kobolds
  12 rats
86 creatures vanquished.

Notes
Turn   | Place    | Note
--------------------------------------------------------------
     0 | D:1      | dracos369 the Halfling Fighter began the quest for the Orb.
     0 | D:1      | Reached XP level 1. HP: 15/15 MP: 1/1
    50 | D:1      | Reached XP level 2. HP: 18/20 MP: 2/2
   285 | D:1      | Reached XP level 3. HP: 15/25 MP: 3/3
   913 | D:2      | Found a stormy altar of Qazlal.
   929 | D:2      | Noticed Jessica
   932 | D:2      | Killed Jessica
   932 | D:2      | Reached skill level 2 in Slings
   932 | D:2      | Reached XP level 4. HP: 28/30 MP: 4/4
   939 | D:2      | Found a faded altar to an unknown god.
   947 | D:2      | Became a worshipper of Yredelemnul the Dark
   947 | D:2      | Reached * piety under Yredelemnul
   972 | D:2      | Noticed Ijyb
   973 | D:2      | Fell from the grace of Yredelemnul
   982 | D:2      | Killed Ijyb
  1021 | D:2      | Found a burning altar of Makhleb.
  1044 | D:2      | Reached skill level 3 in Slings
  1044 | D:2      | Reached XP level 5. HP: 25/35 MP: 5/5
  1210 | D:2      | Noticed Natasha
  1224 | D:2      | Killed Natasha
  1506 | D:2      | Noticed Natasha
  1513 | D:2      | Killed Natasha
  1513 | D:2      | Reached skill level 4 in Slings
  1680 | D:2      | Noticed Natasha
  1692 | D:2      | Killed Natasha
  1692 | D:2      | Reached XP level 6. HP: 26/41 MP: 6/6
  2400 | D:3      | Reached skill level 5 in Slings
  2434 | D:3      | Found a shattered altar of Ashenzari.
  2678 | D:3      | You fall through a shaft for 3 floors!
  2679 | D:6      | Noticed a wraith
  2758 | D:6      | Noticed an ice beast
  2764 | D:6      | Killed an ice beast
  2764 | D:6      | Reached skill level 5 in Long Blades
  2792 | D:6      | Reached XP level 7. HP: 22/45 MP: 7/7
  2809 | D:6      | Reached skill level 6 in Slings
  2849 | D:6      | Found a glowing drain.
  2976 | Sewer    | Entered a sewer
  3062 | Sewer    | Noticed Purgy
  3090 | Sewer    | Killed Purgy
  3093 | Sewer    | Reached skill level 7 in Slings
  3393 | D:5      | Entered Level 5 of the Dungeon
  3414 | D:4      | Found a basalt altar of Yredelemnul.
  3928 | D:4      | Noticed a vampire
  3928 | D:4      | Noticed a flying skull
  3928 | D:4      | Noticed a flying skull
  3928 | D:4      | Noticed a flying skull
  3928 | D:4      | Noticed a flying skull
  3928 | D:4      | Noticed a flying skull
  3949 | D:4      | Noticed a reaper
  3951 | D:4      | Mangled by a reaper

Vault maps used:
D:1:      minmay_arrival_semitransparent, corexii_hall_statues_i, minivault_26
D:2:      makhleb_grotto_becter, ecumenical_altar_1, grunt_qazlal_clouds,
          uniq_iyjb, uniq_natasha, uniq_jessica
D:3:      ashenzari_conservatory_becter
D:4:      yredelemnul_altar_generic
D:5:      fedhas_altar_3, first_bread
D:6:      lemuel_upstairs_altar, gammafunk_temple_overflow_statue,
          portal_sewer_entry_c, uniq_eustachio
Sewer:    sewer_co_purgy_island

Skill      XL: |  1  2  3  4  5  6  7 |
---------------+----------------------+-----
Long Blades    | 3 4 5 6 |  6.3
Slings         | 2 3 4 5 7 |  7.3
Fighting       | |  2.6
Armour         | |  3.2
Shields        | |  3.2

Action                   |  1- 3 |  4- 6 |  7- 9 || total
-------------------------+-------+-------+-------++-------
Melee: Long sword        |   102 |   158 |    14 ||   274
       Dagger            |       |       |    84 ||    84
 Fire: Hunting sling     |    21 |    30 |    19 ||    70
Invok: Renounce Religion |       |     1 |       ||     1
  Use: Scroll            |       |    11 |     3 ||    14
       Potion            |       |     4 |     3 ||     7
  Eat: Chunk             |       |     5 |     5 ||    10
Armor: Scale mail        |    49 |    67 |    62 ||   178
Dodge: Dodged            |    35 |    43 |    34 ||   112
Block: Shield            |    64 |   117 |    85 ||   266
